 Dungeon Crawl Stone Soup version 0.27-a0-277-g024f7ef292 (webtiles) character file.

Game seed: 942320586940356956

262 Nattfarinn the Chiller (level 6, -5/48 HPs)
             Began as a Gargoyle Ice Elementalist on Feb 7, 2021.
             Slain by a phantom (7 damage)
             ... on level 4 of the Dungeon.
             The game lasted 00:06:31 (3513 turns).

Nattfarinn the Chiller (Gargoyle Ice Elementalist)  Turns: 3513, Time: 00:06:32

Health: -5/48      AC:  8    Str: 12    XL:     6   Next: 18%
Magic:  10/10      EV: 11    Int: 17    God:
Gold:   90         SH:  0    Dex: 10    Spells: 7/11 levels left

rFire    . . .     SeeInvis .   o - +1 whip (venom)
rCold    . . .     Faith    .   (no shield)
rNeg     + . .     Spirit   .   b - +0 leather armour
rPois    ∞         Reflect  .   c - +0 helmet
rElec    +         Harm     .   (no cloak)
rCorr    .         Rampage  .   (no gloves)
Will     .....                  (no boots)
Stlth    ..........             (no amulet)
HPRegen  0.16/turn              (no ring)
MPRegen  0.12/turn              (no ring)

@: berserking, attractive, very quick
A: negative energy resistance 1, electricity resistance, unbreathing,
petrification resistance, miasma immunity, AC +4
a: no special abilities


You were on level 4 of the Dungeon.
You visited 1 branch of the dungeon, and saw 5 of its levels.

You collected 90 gold pieces.

Inventory:

Hand Weapons
 e - a +0 dagger
 o - a +1 whip of venom (weapon)
Armour
 a - a +0 robe
 b - a +0 leather armour (worn)
 c - a +0 helmet (worn)
Wands
 p - a wand of polymorph (12)
Scrolls
 g - a scroll of magic mapping {unknown}
 h - 4 scrolls of remove curse
 i - 3 scrolls of teleportation {unknown}
 k - a scroll of identify {unknown}
 l - a scroll of amnesia {unknown}
 n - a scroll of enchant weapon {unknown}
Potions
 f - 2 potions of attraction
 j - a potion of heal wounds {unknown}
 m - a potion of might {unknown}


   Skills:
 * Level 2.8 Armour
 - Level 1.5 Dodging
 - Level 2.1 Stealth
 + Level 3.3 Spellcasting
 * Level 5.9 Ice Magic


You had 7 spell levels left.
You knew the following spells:

 Your Spells              Type           Power        Failure   Level
a - Freeze                Ice            92%          1%          1
b - Frozen Ramparts       Ice            46%          5%          3

Your spell library contained the following spells:

 Spells                   Type           Power        Failure   Level
 Ozocubu's Armour         Ice            23%          5%          3
 Summon Small Mammal      Summ           8%           22%         1
 Call Imp                 Summ           2%           32%         2
 Call Canine Familiar     Summ           2%           54%         3
 Summon Guardian Golem    Hex/Summ       2%           54%         3
 Hailstorm                Conj/Ice       12%          54%         4
 Summon Ice Beast         Ice/Summ       12%          54%         4
 Summon Lightning Spire   Summ/Air       2%           91%         4


Dungeon Overview and Level Annotations

Branches:
Dungeon (5/15)
 Temple: D:4-7

Altars:
Makhleb


Innate Abilities, Weirdness & Mutations

You are resistant to torment.
Your stone body is resilient. (AC +4)
You are immune to poison.
You resist negative energy. (rN+)
You are resistant to electric shocks. (rElec)
You can survive without breathing.
You are immune to petrification.
You are immune to miasma.


Message History

The phantom hits you.
* * * LOW HITPOINT WARNING * * *
The phantom hits you.
* * * LOW HITPOINT WARNING * * *
It was a potion of berserk rage.
A red film seems to cover your vision as you go berserk!
You feel yourself moving faster!
You feel mighty! The phantom hits you!
* * * LOW HITPOINT WARNING * * *
The phantom blinks!
You blink.
The phantom is pulled toward you!
You closely miss the phantom.
The phantom is heavily damaged.
The phantom hits you but does no damage.
You are too berserk!
You closely miss the phantom.
The phantom is heavily damaged.
The phantom hits you but does no damage. x2
You hit the phantom.
The phantom is heavily damaged.
The phantom hits you!
You die...

. ##>.....# ..
###.......# #.. #.
#....##...# #.#
#.###..##...÷.# ..#
#.....#...#...# #...#
..###.....#.###...#
#...# #.....##....#
#...# . #...#
#.###.#...### #####
..#...# #.##.W@...##
#.#...# #.##.#W....#
#.....#####..#...###.###
#.......#......# #...#
##...##....§§..#
#...#####
#..............#
##......#
#..##..###.###..#
#......# ...# ##.##..#
#...# ###....# ###
#.#...# #....# #....#


You could see 2 phantoms.

Vanquished Creatures
  A centaur (D:5)
  A hound (D:2)
  An orc wizard (D:3)
  A worker ant (D:4)
  A hound zombie (D:5)
  3 adders (D:2)
  An ooze (D:1)
  2 dart slugs
  A leopard gecko (D:1)
  2 orcs
  2 giant cockroaches (D:2)
  7 goblins
  5 hobgoblins
  3 jackals (D:2)
  A quokka (D:2)
  4 ball pythons
  6 bats
  10 frilled lizards
  7 kobolds
  5 rats
  A toadstool (D:1)
65 creatures vanquished.

Vanquished Creatures (others)
  3 toadstools (D:1)
3 creatures vanquished.

Grand Total: 68 creatures vanquished

Notes
Turn   | Place    | Note
-------+----------+-------------------------------------------
     0 | D:1      | Nattfarinn the Gargoyle Ice Elementalist began the quest
                  | for the Orb.
     0 | D:1      | Reached XP level 1. HP: 10/10 MP: 3/3
   214 | D:1      | Reached XP level 2. HP: 12/15 MP: 0/5
   495 | D:1      | Reached XP level 3. HP: 14/19 MP: 3/6
  1440 | D:2      | Reached skill level 5 in Ice Magic
  1440 | D:2      | Reached XP level 4. HP: 11/24 MP: 5/8
  1458 | D:2      | Found a faded altar of an unknown god.
  1777 | D:2      | Learned a level 3 spell: Frozen Ramparts
  2222 | D:2      | Found a burning altar of Makhleb.
  2240 | D:2      | Reached skill level 1 in Armour
  2528 | D:2      | Reached XP level 5. HP: 28/28 MP: 6/9
  2991 | D:3      | You fall into a shaft and drop 2 floors!
  2991 | D:5      | Entered Level 5 of the Dungeon
  3002 | D:5      | Noticed a centaur
  3008 | D:5      | Killed a centaur
  3029 | D:5      | Reached XP level 6. HP: 9/32 MP: 4/10
  3510 | D:4      | HP: 1/48 [phantom (7)]
  3513 | D:4      | Slain by a phantom

Illustrated notes

Levels and vault maps discovered:
D:1:      ldierk_water_garden, layout_rooms, minmay_lizard_pond
D:2:      minmay_evil_eye, layout_basic, chequers_ecumenical_altar_simple,
          makhleb_blood_cavern_becter
D:3:      layout_basic, lemuel_coloured_pillars_altar, ebering_ghost_sewer_d,
          grunt_decor_mini_mirrors, dk_noncrumbling_4, minmay_misc_feat_iff,
          patterned_corridor, uniq_crazy_yiuf_cottage
D:4:      layout_rooms, minmay_temple_entry_junction, serial_curves,
          eino_curves_03, eino_curves_03, uniq_grinder
D:5:      wad_pebble_path, layout_loops_ring, gup_sewer_entry_spiral

Skill      XL: |  1  2  3  4  5 |
---------------+----------------+-----
Ice Magic      | 5 |  5.9
Armour         | 1 2 |  2.8
Spellcasting   | 3 |  3.3
Dodging        | |  1.5
Stealth        | |  2.1

Action                   |  1- 3 |  4- 6 || total
-------------------------+-------+-------++-------
Melee: Unarmed           |    38 |       ||    38
       Spear             |     9 |       ||     9
       Dagger            |    85 |    84 ||   169
       Whip              |       |    49 ||    49
 Cast: Freeze            |    17 |    22 ||    39
  Use: Scroll            |     1 |       ||     1
       Potion            |       |     2 ||     2
 Stab: Sleeping          |     3 |     2 ||     5
Armor: Robe              |    12 |       ||    12
       Leather armour    |    58 |    81 ||   139
Dodge: Dodged            |   110 |    92 ||   202

Table legend: (Time is in decaauts)
 A = Elapsed time spent in this place.
 B = Non-inter-level travel time spent in this place.
 C = Inter-level travel time spent in this place.
 D = Time resting spent in this place.
 E = Time spent auto-exploring this place.
 F = Levels seen in this place.
 G = Mean time per level.
                   A        B        C        D        E       F      G
               +--------+--------+--------+--------+--------+-----+--------+
         Total |   3516 |   3440 |     76 |   1054 |   1802 |   5 |  703.2 |
       Dungeon |   3516 |   3440 |     76 |   1054 |   1802 |   5 |  703.2 |
               +--------+--------+--------+--------+--------+-----+--------+

Top non-repeatable levels by time:
     D:2: 2047 daAuts
     D:1: 876 daAuts
     D:4: 328 daAuts
     D:5: 196 daAuts
     D:3: 66 daAuts
